 Dungeon Crawl Stone Soup version 0.23-a0-644-gb60d84b (webtiles) character file.

91 digijack the Shield-Bearer (level 4, -1/40 HPs)
             Began as a Minotaur Fighter on Jan 1, 2019.
             Killed from afar by Natasha (2 damage)
             ... with a magic dart
             ... on level 2 of the Dungeon.
             The game lasted 00:06:33 (1740 turns).

digijack the Shield-Bearer (Minotaur Fighter)       Turns: 1740, Time: 00:06:34

Health: -1/40      AC:  7    Str: 22    XL:     4   Next: 34%
Magic:  3/3        EV:  8    Int:  5    God:
Gold:   124        SH: 10    Dex:  9    Spells: 3/3 levels left

rFire    . . .     SeeInvis .   a - +0 war axe
rCold    . . .     Gourm    .   c - +1 shield
rNeg     . . .     Faith    .   b - +0 scale mail
rPois    .         Spirit   .   (helmet restricted)
rElec    .         Reflect  .   (no cloak)
rCorr    .         Harm     .   (no gloves)
MR       .....                  (no boots)
Stlth    +.........             (no amulet)
HPRegen  0.13/turn              j - ring of stealth
MPRegen  0.08/turn              (no ring)

@: lethally poisoned (-1 -> -3)
A: retaliatory headbutt, horns 2
a: no special abilities


You were on level 2 of the Dungeon.
You were not hungry.

You visited 1 branch of the dungeon, and saw 2 of its levels.

You collected 124 gold pieces.

Inventory:

Hand Weapons
 a - a +0 war axe (weapon)
Missiles
 e - 2 javelins
 k - 83 stones (quivered)
Armour
 b - a +0 scale mail (worn)
 c - a +1 shield (worn)
Jewellery
 j - a ring of stealth (left hand)
Scrolls
 g - 3 scrolls of teleportation
 l - a scroll of magic mapping
Potions
 d - a potion of might
 h - a potion of resistance
Comestibles
 f - 2 rations


   Skills:
 + Level 4.1 Fighting
 * Level 3.8 Axes
 + Level 4.1 Armour
 + Level 1.2 Dodging
 * Level 4.4 Shields


You had 3 spell levels left.
You didn't know any spells.
Your spell library was empty.

Dungeon Overview and Level Annotations

Branches:
Dungeon (2/15)

Altars:

Annotations:
D:2 Natasha


Innate Abilities, Weirdness & Mutations

You reflexively headbutt those who attack you in melee.
You have a pair of horns on your head.


Message History

You closely miss the adder. The adder bites you but does no damage.
You block Natasha's attack. The adder bites you.
* * * LOW HITPOINT WARNING * * *
You are poisoned.
The adder poisons you!
Natasha mumbles some strange words.
The adder bites you.
* * * LOW HITPOINT WARNING * * *
Natasha claws you!
* * * LOW HITPOINT WARNING * * *
You closely miss Natasha. Your headbutt misses Natasha.
Natasha is heavily wounded.
You closely miss the adder.
You feel yourself speed up.
* * * LOW HITPOINT WARNING * * *
You feel sick. The adder bites you but does no damage.
You block the adder's attack. Natasha casts a spell at you.
The magic dart hits you!
You die...

.##.# #.#.##
.##.######.#.#
.##........#.# .#
).....######'# .# #.
.####.# ##...## .#
... ...##.#
##.....###.#..
##.##.###......5#..>
#...#.##........hS#
.......'.......5@.#
......##..........#
.#.##.#
#.......#......#
...##.#
##.....####.####
.####.# ##...## .#
.####.# ##'## #
......# #.#
.###########.# .#
#.....##.##


You could see Natasha, a crimson imp, an adder and a shadow imp.

Vanquished Creatures
  Natasha (D:2)
  An adder (D:2)
  An ooze (D:1)
  2 worms (D:2)
  A dart slug (D:1)
  A leopard gecko (D:2)
  2 giant cockroaches (D:1)
  3 goblins
  2 hobgoblins
  14 jackals
  2 kobolds
  3 bats
  2 frilled lizards (D:1)
  4 rats
39 creatures vanquished.

Notes
Turn   | Place    | Note
-------+----------+-------------------------------------------
     0 | D:1      | digijack the Minotaur Fighter began the quest for the Orb.
     0 | D:1      | Reached XP level 1. HP: 19/19 MP: 0/0
   134 | D:1      | Reached XP level 2. HP: 27/27 MP: 1/1
   333 | D:1      | Reached XP level 3. HP: 26/33 MP: 2/2
   636 | D:2      | Noticed Natasha
   643 | D:2      | Killed Natasha
   643 | D:2      | Reached skill level 1 in Dodging
   897 | D:2      | Reached XP level 4. HP: 28/40 MP: 3/3
  1728 | D:2      | Noticed Natasha
  1739 | D:2      | HP: 2/40 [Natasha (8)]
  1740 | D:2      | Killed from afar by Natasha

Vault maps used:
D:1:      wander_arrival_lonely_grave
D:2:      uniq_terence, uniq_natasha

Skill      XL: |  1  2  3 |
---------------+----------+-----
Axes           | 3 |  3.8
Shields        | 4 |  4.4
Fighting       | 4 |  4.1
Armour         | 4 |  4.1
Dodging        | 1 |  1.2

Action                   |  1- 3 |  4- 6 || total
-------------------------+-------+-------++-------
Melee: War axe           |    69 |    28 ||    97
       Headbutt          |     5 |     5 ||    10
  Use: Scroll            |     3 |     4 ||     7
       Potion            |       |     1 ||     1
 Stab: Sleeping          |       |     1 ||     1
  Eat: Chunk             |       |     3 ||     3
Armor: Scale mail        |    23 |    11 ||    34
       Leather armour    |     2 |     1 ||     3
Dodge: Dodged            |    25 |    12 ||    37
Block: Shield            |    51 |    21 ||    72

Table legend:
 A = Non-vault XP
 B = Vault XP
 C = Vault XP percentage of total XP
 D = Non-vault monster count
 E = Vault monster count
 F = Vault count percentage of total count
                 A         B        C        D         E       F
            +---------+---------+-------+---------+---------+-------
      Total |      95 |      36 |  27.5 |      38 |       1 |   2.6
            +---------+---------+-------+---------+---------+-------
        D:1 |      52 |       0 |   0.0 |      24 |       0 |   0.0
        D:2 |      43 |      36 |  45.6 |      14 |       1 |   6.7
            +---------+---------+-------+---------+---------+-------
